[Event "AI Cup Div-3 2023"]
[Site "Online"]
[Date "2023.09.26"]
[Round "3.2"]
[White "Xiong, Jeffery"]
[Black "Sevian, Samuel"]
[Result "0-1"]
[Annotator "TA"]
[ECO "A29"]
[WhiteElo "2693"]
[BlackElo "2698"]
[PlyCount "50"]
[EventDate "2023.09.18"]
[EventType "k.o."]
[EventCountry "NET"]
[SourceTitle "playchess.com"]
[Source "ChessBase"]
[SourceQuality "1"]
[TimeControl "900+3"]

1. c4 e5 2. Nc3 Nf6 3. g3 d5 4. cxd5 Nxd5 5. Bg2 Nb6 6. Nf3 Nc6 7. O-O Be7 8. b3 O-O 9. Bb2 Re8 10. Rc1 Bf8 11. Ne4 {[%emt 0:00:16][%cal Oc1c6] is currently scoring better than 11.d3. A29: English Opening: Four Knights Variation with 4 g3.} f5 12. Nc3 e4 13. Ne1 {[%emt 0:00:02] The position is equal.} Nb4 14. a3 Nc6 15. d3 Be6 16. b4 {[%emt 0:00:12][%cal Bb3b4,Bb4b5][%mdl 32] [#]} a5 $146 ({Predecessor:} 16... exd3 17. Nxd3 Nd4 18. Nf4 Bb3 19. Qd3 Nxe2+ 20. Ncxe2 Qxd3 21. Nxd3 Rxe2 22. Bxb7 Rd8 {1-0 Van Leent,D (1641)-Pech,J (1827) OP-2017-0-04408}) 17. b5 Nd4 18. dxe4 Bb3 19. Qd3 Bc4 $36 {[%emt 0:00:57][%mdl 2112] Overworked Piece. Black has some pressure.} 20. Qb1 {[%emt 0:01:03] Nf3 would be deadly.} Bxe2 (20... Bxb5 $2 21. Rd1 (21. exf5 Bxe2 22. Nc2 Bxf1 $15) (21. Nxb5 Nxe2+ 22. Kh1 Nxc1 $16) 21... Bxe2 22. Nxe2 (22. Rxd4 Qxd4 23. Nxe2 Qc4 $18) 22... Nxe2+ 23. Kh1 $18) 21. exf5 {[%emt 0:00:02][%cal Oc3e4][%mdl 64] Discovered Attack} Nc4 22. Bxb7 $2 {[%emt 0:01:02][%mdl 8192] [#] This costs White the game.} (22. Nxe2 $14 {keeps the upper hand.} Nxe2+ 23. Kh1 Nxc1 24. Bxc1) 22... Nd2 $1 $19 ({Don't do} 22... Nxa3 23. Bxa3 Bxa3 24. Qa2+ Kh8 25. Qxa3 $18) 23. Qa2+ Bc4 24. Bd5+ $2 {[%emt 0:00:02] [#]} (24. Qxc4+ Nxc4 25. Bd5+ Qxd5 26. Nxd5 Nxb2 27. Rb1) 24... Qxd5 $3 {[%emt 0:00:04][%mdl 576] Deflection} 25. Nxd5 Ne2+ {[%emt 0:00:17] An entertaining game by Sevian.   Weighted Error Value: White=0.75/Black=0.03 (flawless)} 0-1

[Event "AI Cup Div-3 2023"]
[Site "Online"]
[Date "2023.09.26"]
[Round "3.2"]
[White "Mamedov, Rauf"]
[Black "Martinez Alcantara, Jose Eduardo"]
[Result "1/2-1/2"]
[Annotator "ChessBase"]
[ECO "B50"]
[WhiteElo "2640"]
[BlackElo "2611"]
[PlyCount "150"]
[EventDate "2023.09.18"]
[EventType "k.o."]
[EventCountry "NET"]
[SourceTitle "playchess.com"]
[Source "ChessBase"]
[SourceQuality "1"]
[TimeControl "900+3"]

1. e4 c5 2. Nf3 d6 3. Nc3 Nf6 4. g3 e5 5. Bg2 Nc6 6. d3 g6 7. O-O Bg7 8. a3 O-O 9. h3 h6 10. Nd2 Rb8 11. b4 a6 12. Rb1 cxb4 13. axb4 b5 14. Nd5 Be6 15. c3 Ne7 16. Qb3 Nexd5 17. exd5 Bf5 18. Ne4 Nxe4 19. dxe4 Bc8 20. Be3 f5 21. exf5 gxf5 22. f4 e4 23. c4 bxc4 24. Qxc4 Bd7 25. Qa2 Bb5 26. Rfd1 Qd7 27. Bf1 Rfc8 28. Rbc1 Kh7 29. Qd2 Bxf1 30. Rxf1 Qb5 31. g4 Qd7 32. Qg2 Rxc1 33. Rxc1 Rc8 34. Re1 Rc3 35. Kh2 Rb3 36. gxf5 Rb2 37. Bd2 Qf7 38. Rxe4 Qxf5 39. Re7 Qg6 40. Re2 Qxg2+ 41. Rxg2 Rb3 42. Rg3 Rb2 43. Rg2 Bf6 44. Kg3 Kg6 45. f5+ Kh7 46. Kf3 Rb3+ 47. Ke4 Rxh3 48. Rg6 Rh4+ 49. Kf3 Be5 50. Re6 h5 51. Bg5 Rg4 52. Rh6+ Kg7 53. Rxh5 Rxb4 54. Rh6 Rb3+ 55. Ke4 Rb4+ 56. Kf3 Rb3+ 57. Ke4 Rg3 58. f6+ Bxf6 59. Rxf6 Rxg5 60. Rxd6 Kf7 61. Re6 a5 62. Kd4 Rg1 63. Ra6 Ke7 64. Ra7+ Kd6 65. Ra6+ Kd7 66. Rxa5 Rd1+ 67. Kc4 Rc1+ 68. Kd3 Rd1+ 69. Kc3 Rc1+ 70. Kd2 Rh1 71. Ke3 Re1+ 72. Kf3 Kd6 73. Kf2 Re5 74. Kf3 Rxd5 75. Rxd5+ Kxd5 1/2-1/2

[Event "AI Cup Div-3 2023"]
[Site "Online"]
[Date "2023.09.26"]
[Round "3.2"]
[White "Alekseev, Evgeny"]
[Black "Tomashevsky, Evgeny"]
[Result "1/2-1/2"]
[Annotator "ChessBase"]
[ECO "C54"]
[WhiteElo "2573"]
[BlackElo "2694"]
[PlyCount "50"]
[EventDate "2023.09.18"]
[EventType "k.o."]
[EventCountry "NET"]
[SourceTitle "playchess.com"]
[Source "ChessBase"]
[SourceQuality "1"]
[TimeControl "900+3"]

1. e4 e5 2. Nf3 Nc6 3. Bc4 Bc5 4. c3 Nf6 5. d3 d6 6. O-O O-O 7. Bb3 h6 8. h3 Re8 9. Be3 Bxe3 10. fxe3 Be6 11. Nbd2 d5 12. exd5 Bxd5 13. d4 exd4 14. exd4 Qd6 15. Rf2 Bxb3 16. Qxb3 b6 17. Raf1 Qe6 18. Nh4 Qxb3 19. axb3 Ne4 20. Nxe4 Rxe4 21. Nf5 f6 22. Ng3 Re3 23. Nf5 Re4 24. Ng3 Re3 25. Nf5 Re4 1/2-1/2

[Event "AI Cup Div-3 2023"]
[Site "Online"]
[Date "2023.09.26"]
[Round "3.3"]
[White "Mamedov, Rauf"]
[Black "Martinez Alcantara, Jose Eduardo"]
[Result "1-0"]
[Annotator "ChessBase"]
[ECO "B97"]
[WhiteElo "2640"]
[BlackElo "2611"]
[PlyCount "181"]
[EventDate "2023.09.18"]
[EventType "k.o."]
[EventCountry "NET"]
[SourceTitle "playchess.com"]
[Source "ChessBase"]
[SourceQuality "1"]
[TimeControl "900+3"]

1. e4 c5 2. Nf3 d6 3. d4 cxd4 4. Nxd4 Nf6 5. Nc3 a6 6. Bg5 e6 7. f4 Qb6 8. Qd2 Nc6 9. Bxf6 gxf6 10. Nb3 Qc7 11. Be2 h5 12. Qd3 b5 13. Qh3 h4 14. Bg4 b4 15. Ne2 Bd7 16. O-O Be7 17. Kh1 a5 18. Rad1 a4 19. Nbd4 Nxd4 20. Nxd4 Qc5 21. Rfe1 a3 22. b3 Rc8 23. Qd3 Qb6 24. h3 Rc3 25. Qd2 Rc5 26. Qf2 Qc7 27. Qf1 Qb6 28. Be2 e5 29. fxe5 dxe5 30. Nf5 Be6 31. Bc4 Kf8 32. Qf3 Bxf5 33. Qxf5 Rc6 34. Rd3 Rd6 35. Red1 Rxd3 36. Rxd3 Qc5 37. Kh2 Rh6 38. Qf3 Rg6 39. Kh1 Kg7 40. Rd7 Kf8 41. Rb7 Rg5 42. Rd7 Qc6 43. Rd5 Qb6 44. Qe2 Rg3 45. Qh5 Rg6 46. Qh8+ Rg8 47. Qh6+ Rg7 48. Rd2 Qc5 49. Kh2 Qb6 50. Qxh4 Qe3 51. Qf2 Qxe4 52. Re2 Qf4+ 53. g3 Qxf2+ 54. Rxf2 Rh7 55. Kg2 Rh5 56. g4 Rh4 57. Bd3 Kg7 58. Bc4 Bc5 59. Rf5 Rh6 60. g5 Rh5 61. gxf6+ Kh6 62. Rf3 Kg6 63. Bd3+ Kh6 64. Kf1 Rg5 65. Be4 Rg1+ 66. Ke2 Ra1 67. Rg3 Rg1 68. Rxg1 Bxg1 69. h4 Bb6 70. Kd3 Bd8 71. Kc4 Bxf6 72. Kxb4 Bxh4 73. c4 Kg5 74. c5 Kf4 75. c6 Bd8 76. Bd5 f5 77. Kc5 e4 78. b4 Ke3 79. b5 f4 80. b6 f3 81. c7 f2 82. cxd8=Q f1=Q 83. Qg5+ Kd3 84. Bc4+ Kc3 85. Bxf1 e3 86. Qxe3+ Kb2 87. Qb3+ Ka1 88. Qxa3 Kb1 89. Bd3+ Ka1 90. Qc1+ Kxa2 91. Bc4# 1-0

[Event "AI Cup Div-3 2023"]
[Site "Online"]
[Date "2023.09.26"]
[Round "3.3"]
[White "Alekseev, Evgeny"]
[Black "Tomashevsky, Evgeny"]
[Result "1-0"]
[Annotator "ChessBase"]
[ECO "A13"]
[WhiteElo "2573"]
[BlackElo "2694"]
[PlyCount "135"]
[EventDate "2023.09.18"]
[EventType "k.o."]
[EventCountry "NET"]
[SourceTitle "playchess.com"]
[Source "ChessBase"]
[SourceQuality "1"]
[TimeControl "900+3"]

1. Nf3 d5 2. e3 Nf6 3. c4 e6 4. Nc3 Be7 5. b3 O-O 6. Bb2 c5 7. cxd5 exd5 8. d4 Nc6 9. Bb5 Bg4 10. Bxc6 bxc6 11. dxc5 Bxc5 12. O-O Bd6 13. Ne2 Ne4 14. Ne5 Bxe5 15. Bxe5 Re8 16. Bb2 Qg5 17. Qe1 Bxe2 18. Qxe2 Re6 19. Rac1 Rae8 20. Bd4 Qh4 21. f3 Nd6 22. Bxa7 Nf5 23. Qf2 Qh5 24. Rfe1 Nh4 25. Kh1 Rh6 26. Bd4 Qg6 27. e4 dxe4 28. Rxe4 Rxe4 29. fxe4 Qd6 30. Be3 Rh5 31. g4 Re5 32. Qxh4 Qd3 33. Bf2 h5 34. Re1 Rxe4 35. Qg3 Rxe1+ 36. Bxe1 Qf1+ 37. Qg1 Qe2 38. h3 hxg4 39. hxg4 Qxa2 40. Qe3 Qb1 41. Kg2 f6 42. Bg3 Qc2+ 43. Bf2 Qb1 44. Kg3 Kh7 45. Qf3 Kg6 46. Bd4 Qc2 47. Bf2 c5 48. Qe3 c4 49. b4 c3 50. b5 Qb3 51. b6 Qb4 52. Qd3+ Kf7 53. Qd5+ Ke8 54. Qd4 Qb3 55. Qe3+ Kd7 56. Qd3+ Kc6 57. Bd4 Qb4 58. Bxc3 Qxb6 59. Qe4+ Kb5 60. Bd2 Qc6 61. Qd3+ Qc4 62. Qd7+ Qc6 63. Qd3+ Qc4 64. Qe3 Qc5 65. Kf2 Qxe3+ 66. Bxe3 Kc6 67. Kf3 Kd7 68. Kf4 1-0

[Event "AI Cup Div-3 2023"]
[Site "Online"]
[Date "2023.09.26"]
[Round "4.1"]
[White "Mamedov, Rauf"]
[Black "Robson, Ray"]
[Result "1/2-1/2"]
[Annotator "TA"]
[ECO "C50"]
[WhiteElo "2640"]
[BlackElo "2699"]
[PlyCount "142"]
[EventDate "2023.09.18"]
[EventType "k.o."]
[EventCountry "NET"]
[SourceTitle "playchess.com"]
[Source "ChessBase"]
[SourceQuality "1"]
[TimeControl "900+3"]

1. e4 e5 2. Nf3 Nc6 3. Bc4 Nf6 4. d3 Bc5 5. Nc3 h6 6. Be3 Bxe3 7. fxe3 d6 8. Qe2 {[%emt 0:00:01] C50: Hungarian Defence and Giuoco Pianissimo.} Be6 {[%emt 0:00:15] [#]} 9. Rf1 $146 ({Predecessor:} 9. Bb3 O-O 10. O-O-O Bxb3 11. axb3 Ne7 12. h3 c6 13. g4 Nh7 14. h4 g6 15. g5 h5 {1-0 Seleng,S (1219)-Piovar,R (1421) SVK-ch U10 Lubovna 2013 (6)}) 9... Bxc4 10. dxc4 Qd7 11. O-O-O O-O-O 12. Nd2 Ne7 13. Nb3 Qe6 14. Nd5 Nd7 (14... Nxe4 $2 15. Nxe7+ Qxe7 16. Qg4+ Rd7 17. Qxe4 $18) 15. Qd3 Kb8 16. h3 Nc5 17. Nxc5 dxc5 18. Qe2 c6 19. Nc3 f6 20. b3 (20. Rxd8+ {simplifies} Rxd8 21. b3 b6 22. g4) 20... Kc7 21. Qh5 (21. g4 {simplifies} Rxd1+ 22. Nxd1 Nc8 23. Nf2) 21... Nc8 22. Qg6 Rd7 23. Rxd7+ Qxd7 24. Rd1 Nd6 25. a3 h5 26. Qg3 h4 27. Qe1 Qe6 28. Rd3 b6 29. Qd1 g6 30. Rd2 Rd8 31. Qe1 Rh8 32. Qe2 Rd8 33. Rd1 Rh8 34. Rf1 g5 35. Rf2 Rg8 36. Qh5 Rf8 37. Rd2 Qf7 38. Qg4 Qd7 {[%emt 0:00:01] Black wants to play ...Qxg4.} (38... a6 {with more complications.} 39. a4 a5 40. Rd3 Qe7) 39. Qd1 Qe6 (39... a5 {is more complex.} 40. a4 Qe7 41. Qg4 Rd8) 40. Rd3 Rg8 41. Rd2 Rf8 42. Kb1 Rg8 43. a4 a5 44. Qh5 Qf7 45. Qf3 Qe6 46. Nd1 g4 47. hxg4 Rxg4 48. Nf2 Rg3 49. Qh5 Rxg2 {[%emt 0:00:06] ...h3 would be deadly.} 50. Qxh4 (50. Qh8 $2 h3 51. Kc1 h2 $19) 50... Qf7 51. Qh3 Rg8 52. Qf3 Qe6 53. Rd1 f5 54. Rh1 (54. Qh1 {keeps more tension.} Rg7 55. Qh8 Qg8 56. Qh6) 54... Rg7 {[%emt 0:00:01] Prevents Rh7.} 55. Rh8 Kb7 56. Qh3 Rf7 (56... Nxe4 $2 57. Nxe4 Qg6 58. Qxf5 Qxf5 59. Nd6+ Kc7 60. Nxf5 $18) (56... Qf6 $14) 57. Rh6 Qe7 58. exf5 Nxf5 59. Rh8 Qd7 ({Black should try} 59... Rf8) 60. Ne4 $16 Kc7 (60... Qd1+ $16 61. Kb2 Ka7) 61. Qh2 (61. Qh5 $18 {Hoping for Qg6.} Kb7 62. Qg6) 61... Re7 62. Ra8 {[%emt 0:00:07] White wants to mate with Qh8.} Kb7 (62... Nxe3 $2 63. Ra7+ Kb8 64. Rxd7 $18) 63. Qh8 Qc7 {[%emt 0:00:01] Wards off Qb8+} 64. Qf8 $40 {[%emt 0:00:12][%mdl 128] White goes for the king. White has more active pieces.} Rf7 {[%emt 0:00:04] [#]} 65. Qe8 (65. Rb8+ $1 $16 Ka6 66. Rc8 (66. Ra8+ Kb7 $16)) 65... Re7 $1 $11 66. Qg8 (66. Qh8 $11) 66... Rg7 $16 67. Qf8 Rf7 $1 {[%emt 0:00:01] [#]} 68. Qh8 ({Better is} 68. Rb8+ $1 $16 Ka6 69. Rc8 (69. Ra8+ Kb7 $16)) 68... Rh7 69. Qe8 (69. Rb8+ $5 Ka7 70. Rc8 (70. Ra8+ Kb7 $14) 70... Rxh8 71. Rxc7+ Ka8 72. Rxc6 $14) 69... Re7 $1 70. Qh8 Rh7 {[%emt 0:00:02] Wards off Kc1} 71. Qe8 (71. Rb8+ $5 Ka6 72. Qg8 $14 (72. Ra8+ Kb7 $14)) 71... Re7 $1 {[%emt 0:00:01] Black escapes into a draw.   Weighted Error Value: White=0.07 (flawless) /Black=0.12 (very precise)} 1/2-1/2

[Event "AI Cup Div-3 2023"]
[Site "Online"]
[Date "2023.09.26"]
[Round "4.1"]
[White "Alekseev, Evgeny"]
[Black "Sevian, Samuel"]
[Result "1/2-1/2"]
[Annotator "TA"]
[ECO "B13"]
[WhiteElo "2573"]
[BlackElo "2698"]
[PlyCount "77"]
[EventDate "2023.09.18"]
[EventType "k.o."]
[EventCountry "NET"]
[SourceTitle "playchess.com"]
[Source "ChessBase"]
[SourceQuality "1"]
[TimeControl "900+3"]

1. e4 c6 2. d4 d5 3. exd5 cxd5 4. Bd3 Nc6 5. c3 Nf6 6. Bf4 Bg4 7. Qb3 Qc8 8. Nd2 Bh5 9. Ngf3 {[%emt 0:00:27] B13: Caro-Kann: Exchange Variation and Panov-Botvinnik Attack.} Bg6 10. Be2 e6 11. O-O Be7 12. Rfe1 O-O {[%emt 0:00:02] [#]} 13. a4 $146 ({Predecessor:} 13. Bf1 a6 14. a4 Ne4 15. Nxe4 Bxe4 16. Nd2 Bg6 17. Bg3 Qd7 18. Qa2 Bd6 19. a5 Bxg3 20. hxg3 {1-0 Seul,G (2372)-Ronka,E (2281) Titled Tuesday intern op 08th Sept blitz 2020 (1)}) 13... Nh5 14. Be3 Qc7 {[%emt 0:00:05] Repels Ne5} 15. Qd1 Nf4 16. Bxf4 Qxf4 17. Nb3 Bd6 18. g3 Qf6 19. Bd3 Bh5 20. Be2 Rac8 21. Nh4 Bg6 22. Nxg6 hxg6 23. Bf1 g5 24. Nd2 e5 25. Qb3 exd4 26. Qxd5 {[%emt 0:00:02] [#] Threatens to win with Ne4.} Rfd8 {[%emt 0:02:37][%cal Od6g3] Strongly threatening ...Bxg3!} 27. Ne4 Qe5 28. Qb5 Qxb5 29. axb5 Ne5 {[%emt 0:00:00] [#] aiming for ...Nf3+.} 30. Red1 (30. Kg2 $16 {Hoping for Nxd6.} Bb8 31. Nxg5) 30... Bb8 (30... dxc3 $1 $11 {keeps the balance.} 31. bxc3 (31. Nxd6 $2 {perishes.} c2 $19) (31. Rxd6 Rxd6 32. Nxd6 cxb2 $11) 31... Be7) 31. cxd4 ({Inferior is} 31. Rxd4 Nf3+ 32. Kg2 Nxd4 33. cxd4 g4 $17) 31... Nf3+ 32. Kg2 Nxd4 33. Nxg5 Kf8 34. h4 g6 35. Rd3 {[%emt 0:00:21] And now Rad1 would win.} Nf5 36. Rad1 Rxd3 37. Bxd3 Nd6 38. Rh1 {[%emt 0:00:41] White is more active.} Rc5 39. Rd1 {[%emt 0:00:15] Weighted Error Value: White=0.09 (flawless) /Black=0.10 (very precise)} ({White should play} 39. Re1 $14) 1/2-1/2

[Event "AI Cup Div-3 2023"]
[Site "Online"]
[Date "2023.09.26"]
[Round "4.2"]
[White "Robson, Ray"]
[Black "Mamedov, Rauf"]
[Result "1/2-1/2"]
[Annotator "TA"]
[ECO "D17"]
[WhiteElo "2699"]
[BlackElo "2640"]
[PlyCount "116"]
[EventDate "2023.09.18"]
[EventType "k.o."]
[EventCountry "NET"]
[SourceTitle "playchess.com"]
[Source "ChessBase"]
[SourceQuality "1"]
[TimeControl "900+3"]

1. d4 Nf6 2. c4 c6 3. Nc3 d5 4. Nf3 dxc4 5. a4 Bf5 6. Ne5 Nbd7 {[%emt 0:00:02] 6...Nbd7 is better than 6...e6.} 7. Nxc4 Nb6 8. e3 {[%emt 0:00:19] D17: Slav Defence: 5 a4 Bf5: Lines with 6 Nh4 and 6 Ne5.} e6 9. Qb3 {[%emt 0:00:05] Inhibits Bb4.} Nxc4 10. Bxc4 {[%emt 0:00:05] White is slightly better.} Rb8 11. f3 Bg6 12. O-O {[%emt 0:00:19] [#]} a5 $146 ({Predecessor:} 12... Bd6 13. e4 Bc7 14. Be3 O-O 15. Rad1 Bb6 16. Ne2 Qe7 17. Nf4 Rfd8 18. Kh1 Nd7 19. Nxg6 hxg6 {1-0 Sarana,A (2654)-Holt,C (2549) Titled Tuesday intern op 15th Sept blitz 2020 (5)}) 13. Rd1 Bb4 14. e4 Qc7 {[%emt 0:00:43] Inhibits Bf4.} 15. Ne2 {[%emt 0:02:27][%cal Bc3e2,Be2f4,Bf4d3][%mdl 32] Hoping for Bf4.} Rd8 16. Bf4 Qb6 17. Be3 Qc7 18. Nf4 O-O 19. Nd3 Be7 (19... Nd5 $14 20. exd5 exd5) 20. Bf4 $16 Qc8 21. Qb6 Qa8 22. Bc7 Rd7 23. Nc5 $1 (23. Qxa5 $6 Rxd4 24. Qxa8 Rxa8 $14) (23. Ne5 $6 Bd8 24. Bxd8 (24. Nxd7 Nxd7 25. Bxd8 Nxb6 $11) 24... Rdxd8 $16) 23... Bxc5 24. dxc5 Rc8 25. Rxd7 (25. Qxa5 $2 {too greedy.} Rdxc7 26. Qxa8 Rxa8 $19) 25... Nxd7 {[%emt 0:00:02] Black is weak on the dark squares} 26. Qxa5 {[%emt 0:00:01] White has more active pieces.} Nxc5 (26... Qxa5 $16 27. Bxa5 Nxc5) 27. Qxa8 $1 $18 Rxa8 28. a5 b5 {[%emt 0:01:21] White must now prevent ...Na6.} 29. Be2 f5 30. exf5 exf5 31. Kf2 Be8 32. Rc1 Nb3 (32... Na6 $16 {was worth a try.}) 33. Rc3 Nd4 34. Bd3 c5 35. Rxc5 Ne6 36. Rc1 {[%emt 0:00:04] b4 is the strong threat.} ({Not} 36. Rxf5 Nxc7 37. Rc5 Ra7 $15) 36... Nxc7 37. Rxc7 Rxa5 38. Bxf5 $16 {[%emt 0:00:04][%mdl 4096] Endgame KRB-KRB} Kf8 (38... h6 $16 {is a better defense.} 39. Be6+ Kf8) 39. Bxh7 (39. Rc8 $1 $18) 39... Ra2 40. Bf5 (40. Ke3 $142) 40... Rxb2+ 41. Kg3 b4 42. Rb7 Bf7 {[%emt 0:00:05] Prevents Be6.} 43. h4 b3 44. Kh3 Rf2 45. Be4 $1 b2 {[%emt 0:00:02] [#]} 46. g4 $1 ({Much weaker is} 46. Kg3 Re2 $11) 46... Ba2 47. Kg3 Re2 48. Bg6 {[%emt 0:00:03] Threatens to win with Rb8+.} Bd5 $2 (48... Rd2 $16) 49. Rb5 $2 (49. Rb8+ $18 Ke7 50. Re8+ {[%mdl 64] Skewer} Kd6 51. Rxe2) 49... Bc6 {[%emt 0:00:13] [#]} (49... Rd2 $16 {was called for.}) 50. Rb6 $1 $18 Bd5 (50... Bd7 51. h5 Ke7) 51. Rb5 $2 (51. Rb8+ $18 {is the precise move to win.} Ke7 52. Re8+ {[%mdl 64] Skewer} Kf6 53. Rxe2 Kxg6 54. Rxb2) 51... Bc6 $1 $16 52. Rc5 (52. Rb8+ $16 Ke7 53. h5) 52... Re4 {[%emt 0:00:29] The position is equal.} 53. Rxc6 b1=Q {[%emt 0:00:02] ...Qb8+ would be deadly.} 54. Bxe4 Qe1+ 55. Kh3 Qh1+ 56. Kg3 Qe1+ 57. Kh3 Qh1+ 58. Kg3 Qe1+ {[%emt 0:00:01] Weighted Error Value: White=0.29 (precise) /Black=0.16 (very precise)} 1/2-1/2

[Event "AI Cup Div-3 2023"]
[Site "Online"]
[Date "2023.09.26"]
[Round "4.2"]
[White "Sevian, Samuel"]
[Black "Alekseev, Evgeny"]
[Result "0-1"]
[Annotator "TA"]
[ECO "D03"]
[WhiteElo "2698"]
[BlackElo "2573"]
[PlyCount "132"]
[EventDate "2023.09.18"]
[EventType "k.o."]
[EventCountry "NET"]
[SourceTitle "playchess.com"]
[Source "ChessBase"]
[SourceQuality "1"]
[TimeControl "900+3"]

1. Nf3 c5 2. c3 Nf6 3. d4 e6 4. Bg5 d5 5. e3 Nc6 6. Nbd2 h6 7. Bh4 Bd6 8. Bd3 O-O 9. O-O e5 {[%emt 0:00:17] D03: 1 d4 d5 2 Nf3 Nf6 3 Bg5, including Torre Attack with early ...d5.} 10. e4 Be6 11. Bxf6 Qxf6 {[%emt 0:00:11] White is slightly better.} 12. exd5 Bxd5 13. Be4 Bxe4 14. Nxe4 Qg6 15. Nxd6 (15. dxc5 {looks sharper.} Be7 16. Qd5 Rad8 17. Qc4) 15... Qxd6 16. dxe5 Qe6 17. Re1 Rad8 {[%emt 0:00:08] [#]} 18. Qb3 $146 ({Predecessor:} 18. Qa4 Rd5 19. Qf4 Re8 20. c4 Rd7 21. b3 Nb4 22. Re2 b6 23. h3 Red8 24. Qe4 {½-½ Salimova,N (2379)-Cyfka,K (2339) Wroclaw Radzikowska POL-ROW 2022 (2.1)}) 18... Qxb3 19. axb3 Rfe8 20. Re3 Kf8 21. h4 b6 22. g3 Rd7 23. Re4 f6 24. e6 Rde7 25. b4 cxb4 26. cxb4 Rxe6 27. Rxe6 Rxe6 $11 {[%emt 0:00:01][%mdl 4096] Endgame KRN-KRN} 28. b5 Ne5 29. Nd4 Rd6 30. Nf5 Rd5 31. Kg2 {[%emt 0:00:01] Prevents Nf3.} (31. Ne3 $1 $11 {remains equal.} Rxb5 32. Rxa7) 31... Ng4 $17 {[%emt 0:00:17] Black continues to play with concentration.} ({Reject} 31... Rxb5 32. Rxa7 Rxb2 33. Nxg7 $14 (33. Rxg7 Nd3 $17)) 32. Kf3 $2 {[%emt 0:00:37][%mdl 8192] [#]} (32. f3 $17 {is more resistant.} Rxf5 33. fxg4 Rxb5 34. Rxa7) 32... Nh2+ $1 $19 ({Weaker is} 32... Rxf5+ 33. Kxg4 g6 34. f4 $15) 33. Kg2 {[%emt 0:00:27] Ne3 would be deadly.} Rxf5 34. Kxh2 Rxf2+ {[%emt 0:00:01] KR-KR} ({And not} 34... Rxb5 35. Rxa7 Rxb2 36. Kg2 $15) 35. Kh3 Rxb2 36. Rxa7 Rxb5 37. Kg4 h5+ 38. Kf4 Kg8 39. Rb7 Kh7 40. Kf3 Kg6 41. Kf4 Rf5+ 42. Ke4 Re5+ 43. Kf4 b5 44. Rb6 (44. Kf3 $142) 44... Rc5 {[%emt 0:00:02] [#] Hoping for ...Rc4+.} 45. Rb7 (45. Rb8 $142) 45... Rc4+ 46. Ke3 b4 47. Kf3 Rc3+ 48. Kf4 Rc4+ (48... b3 $142 49. Rb8 Kf7) 49. Kf3 $1 Rg4 50. Rb5 Kh6 (50... f5 $142 51. Re5 Kf6) 51. Rb6 (51. Rc5 $142 g5 52. hxg5+ Rxg5 53. Rc2) 51... Kh7 52. Rb7 Kg8 53. Rb5 g6 54. Rb7 Kf8 55. Kf2 Ke8 56. Kf3 Kd8 57. Rf7 f5 58. Kf2 Kc8 {[%emt 0:00:02] ( -> ...b3)} 59. Re7 b3 60. Re2 Kc7 61. Rb2 Rb4 {[%emt 0:00:02] Black is clearly winning.} 62. Ke3 Kd6 63. Kd2 Kd5 {[%emt 0:00:06] Threatens to win with ...Kc4.} 64. Kc3 Rb6 65. Kd3 Rb7 66. Kc3 Ke4 {[%emt 0:00:01] Weighted Error Value: White=0.45/Black=0.23 (precise)} 0-1

[Event "AI Cup Div-3 2023"]
[Site "Online"]
[Date "2023.09.26"]
[Round "4.3"]
[White "Mamedov, Rauf"]
[Black "Robson, Ray"]
[Result "1-0"]
[Annotator "TA"]
[ECO "C26"]
[WhiteElo "2640"]
[BlackElo "2699"]
[PlyCount "113"]
[EventDate "2023.09.18"]
[EventType "k.o."]
[EventCountry "NET"]
[SourceTitle "playchess.com"]
[Source "ChessBase"]
[SourceQuality "1"]
[TimeControl "900+3"]

1. e4 e5 2. Nf3 Nf6 3. d3 Nc6 4. g3 Bc5 5. Bg2 O-O 6. O-O d6 7. Nc3 a5 {[%emt 0:00:09][%cal Ba7a5,Ba5a4][%mdl 32] C26: Vienna Game: 2...Nf6, sidelines .} 8. h3 h6 {[%emt 0:00:16] [#] 8...a4 injects fresh life into this line.} 9. Nd2 $146 ({Predecessor:} 9. b3 Be6 10. Bb2 Nd4 11. Rb1 Re8 12. Kh2 c6 13. a4 Nxf3+ 14. Qxf3 Bd4 15. Qe2 {0-1 Vallejo Pons,F (2711)-Matlakov,M (2671) Chess.com Rapid CGC KO 2022 (1.1)}) 9... a4 {[%emt 0:00:13] Black is slightly better.} 10. a3 Nd4 11. Nd5 c6 (11... Nxd5 $15 12. exd5 Bd7) 12. Nxf6+ $11 Qxf6 13. c3 Ne6 14. Kh2 Qe7 (14... Bxf2 15. Nc4 $16) 15. Nf3 Ng5 16. Nh4 g6 17. Qe1 Kg7 18. f4 Nh7 19. Nf3 f6 (19... Ba7 $14) 20. d4 Bb6 21. Be3 exf4 22. Bxf4 g5 23. Be3 Bd7 24. Qd2 f5 25. exf5 Bxf5 (25... Rxf5 $14 26. Rae1 Qf7) 26. Rae1 $1 $16 Qd7 (26... Be4 $142) 27. d5 (27. h4 $16) 27... c5 $2 (27... Bxe3 $11 28. Qxe3 c5) 28. h4 $18 Rh8 $2 (28... Nf6 {is a better chance.}) 29. Kg1 $2 (29. hxg5 $18 {is the precise move to win.} Rhf8 30. Nh4) 29... Rae8 (29... Rhe8 $16 30. hxg5 hxg5 31. Bxg5 (31. Nxg5 Nxg5 32. Bxg5 Rxe1 $18) 31... Kg8) 30. c4 $2 (30. hxg5 $18 hxg5 31. Bxg5 (31. Nxg5 Nxg5 32. Bxg5 c4+ 33. Rf2 Rxe1+ 34. Qxe1 Qe8 $17) 31... Rxe1 32. Bh6+ (32. Qxe1 $2 Nxg5 33. Nxg5 c4+ 34. Rf2 Re8 $19) (32. Nxe1 Re8 $16) 32... Kf7 33. Qxe1 c4+ 34. Nd4 Bxd4+ 35. cxd4) 30... Bd8 $1 $11 31. hxg5 hxg5 32. Qc1 (32. Bxg5 $11 Nxg5 33. Nxg5 Rxe1 34. Rxe1) 32... Bf6 $15 33. Bd2 (33. Bxg5 $2 Nxg5 34. Nxg5 Rxe1 35. Rxe1 Bd4+ 36. Kf1 Bd3+ 37. Re2 Bxe2+ 38. Kxe2 Qg4+ 39. Nf3 Rf8 $19) (33. Nxg5 $2 Rxe3 34. Qxe3 Bd4 35. Ne6+ Bxe6 36. dxe6 Bxe3+ $19) (33. Rf2 $11) 33... Bd3 $17 34. Rf2 Qg4 35. Bc3 {[%emt 0:00:20] aiming for Rxe8.} Qxg3 36. Re3 {[%emt 0:00:46] [#]} (36. Rxe8 $15 Rxe8 37. Nxg5 {[%mdl 64] Decoy}) 36... Bg6 $2 {[%emt 0:00:47] [#]} ({Don't play} 36... Bxc4 37. Ne5 $18) (36... Rxe3 $1 $19 37. Qxe3 Bxc3 38. bxc3 Bg6) 37. Ne5 $1 $36 {[%emt 0:00:29][%mdl 2560] Keeping Black busy. Really sharp!} Qxe3 38. Qxe3 Bxe5 {[%emt 0:00:03] [#]} 39. Qd2 ({White should try} 39. Bh3 $1 {[%cal Rh3e6] Strongly threatening Be6.} Nf6 40. Be6 (40. Qxg5 Ne4 $17)) 39... Re7 (39... b6 $16 {is more resistant.}) 40. Bxe5+ $18 Rxe5 41. Qa5 {[%emt 0:00:03] Against b6} Re7 42. Qb6 (42. Qxa4 Nf6 43. b4 Ng4 $16) 42... Nf6 43. Qxd6 ({Not} 43. Rxf6 Kxf6 44. Qxd6+ Kf7 45. Qxc5 Re1+ 46. Kf2 Rd1 47. Qc7+ Kf6 48. Qd6+ (48. Qxb7 Rd2+ 49. Kg3 Rd3+ 50. Kf2 Rd2+ 51. Kg1 Rd1+ 52. Kf2 Rd2+ $11) 48... Kg7 49. Qe5+ Kh7 50. Qc7+ Kh6 $18) 43... Rf7 (43... Re1+ $142 44. Bf1 Nh5 45. Qc7+ Kh6 46. Qxc5 Rd1) 44. Qxc5 Re8 45. Qd4 Re1+ 46. Rf1 Re2 47. d6 {[%emt 0:00:05] Bd5 is the strong threat.} Be4 48. Rf2 Re1+ 49. Rf1 Re2 50. Bf3 Bxf3 51. Rxf3 Re4 52. Qc3 {[%emt 0:00:08][%cal Od6d7] Black must now prevent d7!} Kg6 53. Qd3 Kg7 54. c5 Rg4+ 55. Kf1 Rf8 56. d7 Rd8 57. Qd6 {[%emt 0:00:05] An exciting game.   Weighted Error Value: White=0.62/Black=0.75} 1-0